2906 views
Uploaded 2020-01-23 14:25:45
Game version 1.32.0.6
25:09 long 1on1on1on1 custom game on (4)tranquilpaths
Game name "fgh"
Saved by Miyata
2906 views
Uploaded 2020-01-23 14:25:45
Game version 1.32.0.6
25:09 long 1on1on1on1 custom game on (4)tranquilpaths
Game name "fgh"

/ 0.3k
14 buildings @ 2.7k
/ 0.9k

| Wisp | 13 | 780 | / | 0 |
| Archer | 34 | 4420 | / | 340 |
| total: | 47 | 5200g | / | 340w |
| Ancient of War | 1 | 150 | / | 60 |
| Altar of Elders | 1 | 180 | / | 50 |
| Moon Well | 9 | 1620 | / | 360 |
| Hunter's Hall | 1 | 210 | / | 100 |
| Tree of Life | 1 | 340 | / | 185 |
| Ancient of Lore | 1 | 155 | / | 145 |
| Tree of Ages | 1 | 320 | / | 180 |
| Tree of Eternity | 1 | 330 | / | 200 |
| total: | 14 | 2655g | / | 900w |
| 0:10 | Wisp |
| 0:10 | Wisp |
| 0:11 | Wisp |
| 0:13 | Wisp |
| 0:49 | Ancient of War |
| 1:10 | Altar of Elders |
| 1:16 | Wisp |
| 1:16 | Wisp |
| 1:16 | Wisp |
| 1:16 | Wisp |
| 1:16 | Wisp |
| 1:55 | Moon Well |
| 1:56 | Moon Well |
| 2:02 | Moon Well |
| 2:03 | Moon Well |
| 2:26 | Moon Well |
| 2:30 | Wisp |
| 3:03 | Tree of Ages |
| 3:38 | Archer |
| 3:38 | Archer |
| 3:38 | Archer |
| 3:39 | Archer |
| 3:39 | Archer |
| 3:39 | Archer |
| 3:39 | Archer |
| 4:20 | Trueshot Aura |
| 4:58 | Archer |
| 4:58 | Archer |
| 5:03 | Moon Well |
| 5:10 | Hunter's Hall |
| 7:06 | Archer |
| 7:07 | Archer |
| 7:07 | Archer |
| 7:07 | Archer |
| 7:14 | Strength of the Moon |
| 7:31 | Improved Bows |
| 7:43 | Moon Armor |
| 8:53 | Archer |
| 8:53 | Archer |
| 8:53 | Archer |
| 8:57 | Improved Strength of the Moon |
| 9:19 | Moon Well |
| 9:38 | Searing Arrows |
| 9:59 | Archer |
| 10:00 | Archer |
| 10:00 | Archer |
| 10:00 | Archer |
| 11:46 | Trueshot Aura |
| 11:59 | Searing Arrows |
| 12:48 | Archer |
| 12:48 | Archer |
| 12:48 | Archer |
| 12:48 | Archer |
| 12:48 | Archer |
| 12:49 | Archer |
| 12:50 | Improved Moon Armor |
| 12:52 | Tree of Eternity |
| 13:16 | Ancient of Lore |
| 14:59 | Archer |
| 14:59 | Archer |
| 14:59 | Archer |
| 14:59 | Archer |
| 14:59 | Archer |
| 15:00 | Archer |
| 15:00 | Archer |
| 15:25 | Archer |
| 15:32 | Advanced Strength of the Moon |
| 15:32 | Advanced Moon Armor |
| 15:50 | Wisp |
| 15:50 | Wisp |
| 15:50 | Wisp |
| 16:02 | Moon Well |
| 16:03 | Moon Well |
| 19:44 | Tree of Life |
| Right click | 370 |
| Select | 191 |
| Build/train/purchase | 71 |
| Use ability | 43 |
| Remove unit | 10 |
| Assign group | 4 |
| Misc. action | 1 |
| Select group | 1 |
28 units @ 6.9k
/ 1.6k
17 buildings @ 2.6k
/ 1.2k

| Potion of Healing | 1 | 150 |
| total: | 1 | 150g |
| Acolyte | 2 | 150 | / | 0 |
| Ghoul | 3 | 360 | / | 0 |
| Crypt Fiend | 11 | 2365 | / | 440 |
| Gargoyle | 3 | 525 | / | 90 |
| Frost Wyrm | 9 | 3465 | / | 1080 |
| total: | 28 | 6865g | / | 1610w |
| Nerubian Tower | 1 | 100 | / | 20 |
| Spirit Tower | 2 | 290 | / | 80 |
| Ziggurat | 10 | 1500 | / | 500 |
| Altar of Darkness | 1 | 180 | / | 50 |
| Crypt | 1 | 200 | / | 50 |
| Graveyard | 1 | 215 | / | 0 |
| Tomb of Relics | 1 | 130 | / | 30 |
| Sacrificial Pit | 1 | 75 | / | 150 |
| Boneyard | 2 | 350 | / | 400 |
| Halls of the Dead | 1 | 320 | / | 210 |
| Black Citadel | 1 | 325 | / | 230 |
| total: | 17 | 2650g | / | 1180w |
| 0:11 | Ziggurat |
| 0:24 | Acolyte |
| 0:24 | Acolyte |
| 0:43 | Altar of Darkness |
| 1:01 | Crypt |
| 2:07 | Ghoul |
| 2:08 | Ghoul |
| 2:25 | Ghoul |
| 2:29 | Ziggurat |
| 2:39 | Graveyard |
| 2:48 | Death Coil |
| 3:16 | Tomb of Relics |
| 4:09 | Crypt Fiend |
| 4:10 | Crypt Fiend |
| 4:11 | Crypt Fiend |
| 5:27 | Crypt Fiend |
| 7:42 | Ziggurat |
| 7:44 | Ziggurat |
| 7:48 | Ziggurat |
| 7:56 | Halls of the Dead |
| 8:51 | Crypt Fiend |
| 8:51 | Crypt Fiend |
| 8:56 | Creature Attack |
| 8:57 | Creature Carapace |
| 9:11 | Crypt Fiend |
| 9:13 | Crypt Fiend |
| 9:13 | Crypt Fiend |
| 10:41 | Improved Creature Attack |
| 10:44 | Crypt Fiend |
| 10:44 | Crypt Fiend |
| 11:18 | Black Citadel |
| 11:23 | Potion of Healing |
| 12:10 | Nerubian Tower |
| 12:12 | Spirit Tower |
| 12:33 | Spirit Tower |
| 12:55 | Gargoyle |
| 12:55 | Gargoyle |
| 12:57 | Gargoyle |
| 13:29 | Unholy Aura |
| 13:39 | Advanced Creature Attack |
| 13:52 | Sacrificial Pit |
| 15:23 | Death Coil |
| 15:35 | Boneyard |
| 15:42 | Improved Creature Carapace |
| 16:05 | Ziggurat |
| 16:09 | Ziggurat |
| 16:59 | Frost Wyrm |
| 17:02 | Frost Wyrm |
| 17:02 | Freezing Breath |
| 18:25 | Boneyard |
| 18:51 | Ziggurat |
| 19:46 | Frost Wyrm |
| 19:46 | Frost Wyrm |
| 19:57 | Ziggurat |
| 20:02 | Ziggurat |
| 20:24 | Advanced Creature Carapace |
| 20:34 | Frost Wyrm |
| 20:35 | Frost Wyrm |
| 21:50 | Frost Wyrm |
| 22:07 | Frost Wyrm |
| 22:07 | Frost Wyrm |
| 24:20 | Death Coil |
| 24:32 | Animate Dead |
| 24:34 | Death Pact |
| 24:38 | Unholy Aura |
| Right click | 1044 |
| Select | 216 |
| Select group | 138 |
| Build/train/purchase | 55 |
| Assign group | 50 |
| Use ability | 9 |
| Minimap ping | 6 |
| Esc | 2 |
56 units @ 8.8k
/ 0.6k
23 buildings @ 2.3k
/ 0.7k

| Potion of Healing | 4 | 600 |
| Scroll of Protection | 1 | 150 |
| Periapt of Vitality | 1 | 325 |
| total: | 6 | 1075g |
| Peasant | 4 | 300 | / | 0 |
| Footman | 31 | 4185 | / | 0 |
| Rifleman | 21 | 4305 | / | 630 |
| total: | 56 | 8790g | / | 630w |
| Scout Tower | 2 | 60 | / | 40 |
| Barracks | 3 | 480 | / | 180 |
| Lumber Mill | 1 | 120 | / | 0 |
| Altar of Kings | 1 | 180 | / | 50 |
| Farm | 13 | 1040 | / | 260 |
| Blacksmith | 2 | 280 | / | 120 |
| Arcane Vault | 1 | 130 | / | 30 |
| Keep | 1 | 320 | / | 210 |
| total: | 23 | 2290g | / | 680w |
| 0:12 | Barracks |
| 0:17 | Lumber Mill |
| 0:18 | Peasant |
| 0:19 | Peasant |
| 1:13 | Altar of Kings |
| 2:00 | Peasant |
| 3:05 | Farm |
| 3:06 | Farm |
| 3:08 | Peasant |
| 3:52 | Footman |
| 3:52 | Footman |
| 3:53 | Footman |
| 4:14 | Blacksmith |
| 4:21 | Farm |
| 4:38 | Blacksmith |
| 4:46 | Defend |
| 4:47 | Footman |
| 4:47 | Footman |
| 4:47 | Footman |
| 5:37 | Flame Strike |
| 6:14 | Iron Forged Swords |
| 6:26 | Barracks |
| 6:26 | Barracks |
| 6:42 | Farm |
| 6:42 | Farm |
| 6:44 | Farm |
| 6:45 | Farm |
| 6:56 | Black Gunpowder |
| 7:18 | Keep |
| 7:33 | Scout Tower |
| 7:34 | Scout Tower |
| 7:42 | Rifleman |
| 7:43 | Rifleman |
| 7:57 | Footman |
| 7:58 | Footman |
| 8:21 | Footman |
| 8:22 | Footman |
| 9:01 | Arcane Vault |
| 9:13 | Farm |
| 9:14 | Farm |
| 9:15 | Farm |
| 9:15 | Farm |
| 9:16 | Farm |
| 9:17 | Farm |
| 9:23 | Footman |
| 10:10 | Potion of Healing |
| 10:19 | Potion of Healing |
| 10:22 | Potion of Healing |
| 12:17 | Rifleman |
| 12:17 | Rifleman |
| 12:17 | Rifleman |
| 12:17 | Rifleman |
| 14:29 | Footman |
| 14:29 | Footman |
| 14:30 | Footman |
| 14:31 | Footman |
| 14:31 | Footman |
| 14:31 | Footman |
| 14:34 | Rifleman |
| 14:34 | Rifleman |
| 14:34 | Rifleman |
| 15:00 | Potion of Healing |
| 15:29 | Improved Lumber Harvesting |
| 16:01 | Long Rifles |
| 16:03 | Rifleman |
| 16:04 | Rifleman |
| 16:05 | Footman |
| 16:09 | Footman |
| 17:36 | Scroll of Protection |
| 17:41 | Periapt of Vitality |
| 17:52 | Footman |
| 17:52 | Rifleman |
| 17:54 | Footman |
| 17:54 | Rifleman |
| 18:06 | Studded Leather Armor |
| 18:21 | Siphon Mana |
| 20:03 | Rifleman |
| 20:03 | Rifleman |
| 20:03 | Footman |
| 20:03 | Footman |
| 20:05 | Rifleman |
| 20:05 | Rifleman |
| 20:05 | Footman |
| 20:17 | Footman |
| 20:18 | Footman |
| 20:18 | Footman |
| 20:21 | Footman |
| 20:23 | Footman |
| 20:39 | Steel Forged Swords |
| 21:25 | Footman |
| 21:39 | Footman |
| 21:41 | Rifleman |
| 21:46 | Rifleman |
| 22:16 | Rifleman |
| 22:19 | Rifleman |
| Right click | 632 |
| Select | 292 |
| Build/train/purchase | 78 |
| Use ability | 12 |
| Remove unit | 11 |
| Select group | 9 |
| Assign group | 7 |
| Misc. action | 3 |
| Minimap ping | 2 |
33 units @ 5.2k
/ 0.5k
18 buildings @ 3.3k
/ 1.3k

| Healing Salve | 3 | 300 |
| Scroll of Town Portal | 1 | 350 |
| total: | 4 | 650g |
| Peon | 12 | 900 | / | 0 |
| Grunt | 11 | 2200 | / | 0 |
| Kodo Beast | 2 | 510 | / | 120 |
| Tauren | 3 | 840 | / | 240 |
| Troll Headhunter | 2 | 280 | / | 40 |
| Demolisher | 1 | 220 | / | 50 |
| Troll Berserker | 2 | 280 | / | 40 |
| total: | 33 | 5230g | / | 490w |
| Watch Tower | 2 | 220 | / | 160 |
| Barracks | 2 | 360 | / | 100 |
| Orc Burrow | 7 | 1120 | / | 280 |
| Altar of Storms | 1 | 180 | / | 50 |
| Voodoo Lounge | 1 | 130 | / | 30 |
| War Mill | 1 | 205 | / | 0 |
| Great Hall | 2 | 770 | / | 370 |
| Beastiary | 1 | 145 | / | 140 |
| Tauren Totem | 1 | 135 | / | 155 |
| Stronghold | 1 | 315 | / | 190 |
| Fortress | 1 | 325 | / | 190 |
| total: | 18 | 3265g | / | 1285w |
| 0:09 | Peon |
| 0:09 | Peon |
| 0:19 | Barracks |
| 0:27 | Orc Burrow |
| 0:29 | Peon |
| 0:50 | Peon |
| 1:07 | Altar of Storms |
| 1:13 | Peon |
| 1:37 | Orc Burrow |
| 1:56 | Peon |
| 1:57 | Peon |
| 2:07 | Peon |
| 2:11 | Grunt |
| 2:33 | Orc Burrow |
| 2:52 | Grunt |
| 3:03 | Voodoo Lounge |
| 3:28 | Feral Spirit |
| 3:31 | Grunt |
| 3:59 | Orc Burrow |
| 4:02 | Peon |
| 4:18 | War Mill |
| 4:53 | Grunt |
| 5:03 | Barracks |
| 5:10 | Stronghold |
| 5:22 | Healing Salve |
| 5:56 | Grunt |
| 6:44 | Orc Burrow |
| 6:53 | Grunt |
| 6:59 | Steel Melee Weapons |
| 7:19 | Grunt |
| 7:30 | Orc Burrow |
| 8:22 | Healing Salve |
| 8:26 | Berserker Strength |
| 8:33 | Steel Armor |
| 8:34 | Fortress |
| 8:59 | Beastiary |
| 9:09 | Thorium Melee Weapons |
| 9:24 | Grunt |
| 10:02 | Great Hall |
| 10:24 | Grunt |
| 10:37 | Tauren Totem |
| 10:53 | Kodo Beast |
| 11:13 | Chain Lighting |
| 11:53 | Peon |
| 11:57 | Peon |
| 12:15 | Tauren |
| 12:28 | Thorium Armor |
| 13:38 | Kodo Beast |
| 14:04 | Feral Spirit |
| 14:30 | Chain Lighting |
| 15:03 | Arcanite Armor |
| 15:26 | Healing Salve |
| 15:29 | Scroll of Town Portal |
| 15:45 | Tauren |
| 15:49 | Peon |
| 16:29 | Troll Headhunter |
| 17:37 | Feral Spirit |
| 17:49 | Chain Lighting |
| 18:10 | Arcanite Melee Weapons |
| 18:14 | Tauren |
| 18:17 | Berserker Upgrade |
| 18:18 | Troll Headhunter |
| 18:51 | Grunt |
| 18:53 | Earth Quake |
| 19:07 | Demolisher |
| 19:56 | Grunt |
| 19:58 | Troll Berserker |
| 20:43 | Watch Tower |
| 20:46 | Watch Tower |
| 20:53 | Troll Berserker |
| 21:55 | Orc Burrow |
| 22:41 | Far Sight |
| 23:22 | Great Hall |
| Right click | 603 |
| Select group | 255 |
| Select | 182 |
| Build/train/purchase | 64 |
| Assign group | 32 |
| Use ability | 24 |
| Misc. action | 19 |
| Remove unit | 2 |
| Esc | 2 |
โ